 Dungeon Crawl Stone Soup version 0.19.0-1-g5985abe (webtiles) character file.

14 RomanaTColgate the Chiller (level 2, -1/19 HPs)
             Began as a Demonspawn Ice Elementalist on Nov 2, 2016.
             Was a Believer of Jiyva.
             Slain by an adder (3 damage)
             ... on level 3 of the Dungeon.
             The game lasted 00:04:44 (831 turns).

RomanaTColgate the Chiller (DsIE)                    Turns: 831, Time: 00:04:45

Health: -1/19      AC:  2    Str:  8    XL:     2   Next: 31%
Magic:  1/5        EV: 12    Int: 16    God:    Jiyva [**....]
Gold:   33         SH:  0    Dex: 13    Spells: 1 memorised, 5 levels left

rFire  . . .     SeeInvis .     k - +0 short sword
rCold  . . .     Gourm    .     a - +0 robe
rNeg   . . .     Faith    .     (no shield)
rPois  .         Spirit   .     (helmet restricted)
rElec  .         Reflect  .     (no cloak)
rCorr  .         Harm     .     (no gloves)
MR     .....                    (no boots)
Stlth  ++........               (no amulet)
                                (no ring)
                                (no ring)

@: lethally poisoned (-1 -> -8), very slightly contaminated
A: horns 1
a: Request Jelly, Renounce Religion


You were on level 3 of the Dungeon.
You worshipped Jiyva.
Jiyva was pleased with you.
You were not hungry.

You visited 1 branch of the dungeon, and saw 3 of its levels.

You collected 33 gold pieces.

Inventory:

Hand Weapons
 k - a +0 short sword (weapon)
Armour
 a - a +0 robe (worn)
Jewellery
 f - a cursed ring of loudness {unknown}
 m - a +5 amulet of reflection {unknown}
Scrolls
 h - a scroll of teleportation {unknown}
 j - a scroll of enchant weapon {unknown}
 l - 2 scrolls of identify {unknown}
 n - a scroll of random uselessness {unknown}
Potions
 d - a potion of flight {unknown}
 e - a potion of mutation {unknown}
Books
 b - a book of Frost

   Spells                             Type                      Level
   a - Freeze                         Ice                          1
   b - Throw Frost                    Conjuration/Ice              2
   c - Ozocubu's Armour               Charms/Ice                   3
   d - Throw Icicle                   Conjuration/Ice              4
   e - Summon Ice Beast               Ice/Summoning                4
Comestibles
 c - a bread ration
 g - 2 meat rations
 i - 2 beef jerkies


   Skills:
 - Level 1.8 Dodging
 - Level 1.7 Stealth
 + Level 2.6 Spellcasting
   Level 1.0 Conjurations
 - Level 2.9 Ice Magic


You had 5 spell levels left.
You knew the following spells:

 Your Spells              Type           Power        Failure   Level  Hunger
a - Freeze                Ice            ##..         8%          1    #......


Dungeon Overview and Level Annotations

Branches:
Dungeon (3/15)

Altars:
The Shining One
Jiyva


Innate Abilities, Weirdness & Mutations

You have a pair of small horns on your head.


Message History

* * * LOW HITPOINT WARNING * * *
The adder misses you.
You barely miss the adder.
The adder is almost dead.
* * * LOW HITPOINT WARNING * * *
You feel sick. The adder closely misses you.
You don't have enough magic at the moment.
A frilled lizard and a kobold come into view.
The frilled lizard hisses angrily.
The adder closely misses you.
Found a stone staircase leading down.
A bat comes into view.
A hobgoblin comes into view.
* * * LOW HITPOINT WARNING * * *
You feel sick.
Found 13 gold pieces.
The kobold shouts!
Found a meat ration.
The adder bites you.
You die...

.#..%#. ..#
........##$.##
......>.....)#
..b......g...#
....K.... ...#
......... ...#
#......l##...####
......<.S@.......
........##.######
.##.###.##.#
#.#.#. #.<# #.
#.#.# #. .......
.. ........## ##
#####.#..#


You could see an adder, a bat, a kobold and a frilled lizard.

Vanquished Creatures
  2 bats (D:2)
  A hobgoblin (D:2)
  4 jackals
  A frilled lizard (D:3)
  4 kobolds (D:2)
12 creatures vanquished.

Vanquished Creatures (others)
  An adder (D:2)
1 creature vanquished.

Grand Total: 13 creatures vanquished

Notes
Turn   | Place    | Note
-------+----------+-------------------------------------------
     0 | D:1      | RomanaTColgate the Demonspawn Ice Elementalist began the quest for the Orb.
     0 | D:1      | Reached XP level 1. HP: 13/13 MP: 3/3
   370 | D:2      | Found a glowing golden altar of the Shining One.
   405 | D:2      | Found a faded altar of an unknown god.
   449 | D:2      | Gained mutation: You have a pair of small horns on your head. [demonic ancestry]
   449 | D:2      | Reached XP level 2. HP: 15/19 MP: 3/5
   511 | D:2      | Became a worshipper of Jiyva Jaasu the Shapeless
   511 | D:2      | Reached * piety under Jiyva
   743 | D:2      | Reached ** piety under Jiyva
   831 | D:3      | Slain by an adder

Action                   || total
-------------------------++-------
Melee: Short sword       ||    28
       Unarmed           ||     3
       Headbutt          ||     3
 Cast: Freeze            ||    17
Armor: Robe              ||    10
Dodge: Dodged            ||    53
